 Dungeon Crawl Stone Soup version 0.22.1-5-g62c59d919a (webtiles) character file.

865 NochnoyZador the Basher (level 7, -12/60 HPs)
             Began as a Minotaur Monk on Jan 12, 2019.
             Was a Believer of Okawaru.
             Mangled by an orc warrior
             ... wielding a +0 glaive
              (24 damage)
             ... on level 5 of the Dungeon.
             The game lasted 00:15:15 (5578 turns).

NochnoyZador the Basher (Minotaur Monk)             Turns: 5578, Time: 00:15:16

Health: -12/60     AC:  8    Str: 16    XL:     7   Next: 72%
Magic:  4/6        EV: 15    Int:  7    God:    Okawaru [**....]
Gold:   252        SH:  0    Dex: 14    Spells: 6/6 levels left

rFire    . . .     SeeInvis .   a - +0 mace
rCold    . . .     Gourm    .   (no shield)
rNeg     . . .     Faith    .   d - +0 scale mail
rPois    .         Spirit   .   (helmet restricted)
rElec    .         Reflect  .   (no cloak)
rCorr    .         Harm     .   (no gloves)
MR       .....                  (no boots)
Stlth    ++........             (no amulet)
HPRegen  0.20/turn              (no ring)
MPRegen  0.10/turn              (no ring)

@: heroism
A: retaliatory headbutt, horns 2
a: Heroism, Renounce Religion


You were on level 5 of the Dungeon.
You worshipped Okawaru.
Okawaru was pleased with you.
You were not hungry.

You visited 2 branches of the dungeon, and saw 7 of its levels.

You collected 252 gold pieces.

Inventory:

Hand Weapons
 a - a +0 mace (weapon)
 w - a +0 dagger
 x - a +0 hunting sling
 y - a +0 shortbow
 z - a +2 mace of protection
Missiles
 i - 109 stones (quivered)
 C - 32 arrows
Armour
 d - a +0 scale mail (worn)
Jewellery
 b - an uncursed ring of resist corrosion {unknown}
 q - an uncursed ring of positive energy {unknown}
Wands
 p - a wand of paralysis (15)
 D - a wand of iceblast (10)
Scrolls
 e - 2 scrolls of magic mapping {unknown}
 f - 6 scrolls of remove curse {unknown}
 g - 2 scrolls of immolation {unknown}
 j - 4 scrolls of identify {unknown}
 k - 3 scrolls of amnesia {unknown}
 m - a scroll of noise {unknown}
 n - 2 scrolls of fog {unknown}
 o - 2 scrolls of blinking {unknown}
 u - a scroll of teleportation {unknown}
 v - a scroll of enchant armour {unknown}
 E - 2 scrolls of fear {unknown}
Potions
 h - 2 potions of agility {unknown}
 l - 2 potions of magic {unknown}
 r - a potion of brilliance {unknown}
 s - 2 potions of haste {unknown}
 t - a potion of curing {unknown}
 A - a potion of ambrosia {unknown}
 B - a potion of mutation {unknown}
Comestibles
 c - 10 rations
 F - 3 chunks of flesh


   Skills:
 * Level 4.8(9.8) Fighting
 * Level 8.9(13.9) Maces & Flails
 * Level 4.8(9.8) Armour
 * Level 4.2(9.2) Dodging
 - Level 1.5(6.5) Stealth


You had 6 spell levels left.
You didn't know any spells.
Your spell library contained the following spells:

 Spells                   Type           Power        Failure   Level  Hunger
 Animate Skeleton         Necr           N/A          80%         1    ##.....
 Pain                     Necr           #...         80%         1    ##.....
 Regeneration             Chrm/Necr      #.........   99%         3    ####...
 Vampiric Draining        Necr           #.........   99%         3    ####...
 Animate Dead             Necr           N/A          100%        4    #####..


Dungeon Overview and Level Annotations

Branches:
Dungeon (6/15)             Temple (1/1) D:5

Altars:
Ashenzari
Dithmenos
Elyvilon
Fedhas
Gozag
Hepliaklqana
Kikubaaqudgha
Makhleb
Nemelex Xobeh
Okawaru
Qazlal
Ru
Trog
Uskayaw
Vehumet
Wu Jian
Yredelemnul
The Shining One

Annotations:
D:5 1 runed door


Innate Abilities, Weirdness & Mutations

You reflexively headbutt those who attack you in melee.
You have a pair of horns on your head.


Message History

You climb downwards.
The orc warrior hits you with a glaive.
There is a stone staircase leading up here.
You barely miss the orc warrior. Your headbutt misses the orc warrior.
The orc warrior hits you with a glaive.
You closely miss the orc warrior. The orc warrior hits you with a glaive!
You hit the orc warrior but do no damage.
You headbutt the orc warrior, but do no damage.
You hit the orc warrior but do no damage.
Your headbutt misses the orc warrior. The orc warrior hits you with a glaive!
The orc warrior hits you with a glaive!
* * * LOW HITPOINT WARNING * * *
You climb upwards.
Level annotation: 1 runed door
There is a stone staircase leading down, spattered with blood here.
The orc warrior closely misses you.
Items here: )) [[ ÷ a ring mail; a club; a ring mail; a short sword; an orc skeleton You gain the combat prowess of a mighty hero.
The orc warrior hits you from afar with a glaive!!
You die...

############# ............#####
.....######.#...### ##...#
#.......# ###.##
####.......####### #
#.####........@.......# #
#.....................#
############....o.##....#########
#≈≈≈≈≈...####...#.##.#.#.........
.########≈#######.##.#.#.########
##≈.≈P..##≈# #[##.#.#.# #)..#
#≈≈(.P...#≈# #>##.#.#.# #.#..
#;≈(P....#.# ###[##.#.#<####...#
#≈≈.P...'#.# #...##........##.##


You could see an orc warrior.

Vanquished Creatures
  A phantom (D:5)
  A sky beast (D:5)
  An ogre (D:4)
  A centaur (D:5)
  A scorpion (D:4)
  A crimson imp (D:5)
  3 hounds
  2 bullfrog skeletons (D:5)
  2 orc wizards
  An iguana (D:5)
  A worker ant (D:4)
  A hound skeleton (D:5)
  7 adders
  2 oozes
  2 worms
  2 dart slugs (D:1)
  2 leopard geckos (D:4)
  11 orcs
  5 ball pythons (D:3)
  3 bats (D:1)
  4 giant cockroaches
  11 goblins
  4 hobgoblins
  11 jackals
  6 kobolds
  A quokka (D:5)
  4 frilled lizards
  A quokka skeleton (D:4)
  7 rats
99 creatures vanquished.

Notes
Turn   | Place    | Note
-------+----------+-------------------------------------------
     0 | D:1      | NochnoyZador the Minotaur Monk began the quest for the Orb.
     0 | D:1      | Reached XP level 1. HP: 19/19 MP: 0/0
    26 | D:1      | Reached skill level 4 in Maces & Flails
    33 | D:1      | Reached XP level 2. HP: 13/26 MP: 1/1
   286 | D:1      | Reached skill level 5 in Maces & Flails
   418 | D:1      | Reached XP level 3. HP: 31/31 MP: 2/2
  1353 | D:2      | Found an opulent altar of Gozag.
  1528 | D:3      | Reached skill level 6 in Maces & Flails
  1528 | D:3      | Reached XP level 4. HP: 7/39 MP: 3/3
  1773 | D:3      | Found an ancient bone altar of Kikubaaqudgha.
  1911 | D:3      | Found a basalt altar of Yredelemnul.
  2283 | D:3      | Reached XP level 5. HP: 46/46 MP: 4/4
  2894 | D:4      | Found a sacrificial altar of Ru.
  2976 | D:4      | Reached skill level 7 in Maces & Flails
  2976 | D:4      | Reached skill level 1 in Armour
  3088 | D:4      | Found a hazy altar of Hepliaklqana.
  3254 | D:4      | Found a hide-covered altar of Uskayaw.
  3256 | D:4      | Noticed an ogre
  3265 | D:4      | Killed an ogre
  3265 | D:4      | Reached XP level 6. HP: 34/52 MP: 5/5
  3541 | D:4      | Found a burning altar of Makhleb.
  3623 | D:5      | Entered Level 5 of the Dungeon
  3626 | D:5      | Found a staircase to the Ecumenical Temple.
  3632 | D:5      | Reached skill level 8 in Maces & Flails
  3643 | Temple   | Entered the Ecumenical Temple
  3716 | Temple   | Became a worshipper of Warmaster Okawaru
  3716 | Temple   | Reached * piety under Okawaru
  3716 | Temple   | Reached ** piety under Okawaru
  3950 | D:5      | Reached XP level 7. HP: 24/59 MP: 6/6
  4196 | D:5      | Found a runed door.
  4988 | D:5      | Found a shadowy altar of Dithmenos.
  4988 | D:5      | Found a sparkling altar of Nemelex Xobeh.
  5578 | D:5      | Mangled by an orc warrior

Skill      XL: |  1  2  3  4  5  6  7 |
---------------+----------------------+-----
Maces & Flails | 4 5 6 7 8 |  8.9
Armour         | 2 3 4 |  4.8
Fighting       | 4 |  4.8
Dodging        | 4 |  4.2
Stealth        | |  1.5

Action                   |  1- 3 |  4- 6 |  7- 9 || total
-------------------------+-------+-------+-------++-------
Melee: Mace              |   101 |   148 |    64 ||   313
       Headbutt          |    12 |    17 |     8 ||    37
Invok: Heroism           |       |       |     1 ||     1
 Stab: Sleeping          |     2 |       |       ||     2
  Eat: Chunk             |     2 |     8 |     2 ||    12
       Ration            |       |       |     1 ||     1
Armor: Robe              |     6 |       |       ||     6
       Scale mail        |    37 |    44 |    25 ||   106
Dodge: Dodged            |    60 |    83 |    29 ||   172
